 Dungeon Crawl Stone Soup version 0.27.1-34-g3ba077fa99 (webtiles) character file.

Game seed: 7236296077265131938

4 Descartes the Grasshopper (level 1, 0/9 HPs)
             Began as a Felid Warper on Jan 12, 2022.
             Slain by a bat (1 damage)
             ... on level 1 of the Dungeon.
             The game lasted 00:00:33 (352 turns).

Descartes the Grasshopper (Felid Warper)             Turns: 352, Time: 00:00:34

Health: 0/9        AC:  1    Str:  7    XL:     1   Next: 50%
Magic:  4/4        EV: 17    Int: 14    God:
Gold:   0          SH:  0    Dex: 15    Spells: 4/4 levels left
                                        Lives:  0   Deaths: 0

rFire    . . .     SeeInvis +     - Unarmed
rCold    . . .     Faith    .   (shield unavailable)
rNeg     . . .     Spirit   .   (armour unavailable)
rPois    .         Reflect  .   (helmet unavailable)
rElec    .         Harm     .   (cloak unavailable)
rCorr    .         Rampage  .   (gloves unavailable)
Will     .....                  (boots unavailable)
Stlth    +.........             (no amulet)
HPRegen  0.03/turn              (no ring)
MPRegen  0.09/turn              (no ring)

@: quick
A: very small, claws 1, fangs 3, see invisible, speed 1, shaggy fur 1, stealthy
paws, no weapons or thrown items, no armour, multi-lived
a: no special abilities


You were on level 1 of the Dungeon.
You visited 1 branch of the dungeon, and saw 1 of its levels.

Inventory:

Scrolls
 a - a scroll of blinking


   Skills:
 - Level 2.0 Fighting
 + Level 3.3 Dodging
 + Level 2.1 Unarmed Combat
 - Level 2.0 Spellcasting
 + Level 4.5 Translocations


You had 4 spell levels left.
You didn't know any spells.
Your spell library contained the following spells:

 Spells                   Type           Power      Damage    Failure   Level
 Blink                    Tloc           N/A        N/A       5%          2
 Gell's Gravitas          Tloc           7%         N/A       11%         3
 Lesser Beckoning         Tloc           7%         N/A       11%         3
 Teleport Other           Tloc           14%        N/A       11%         3
 Manifold Assault         Tloc           14%        N/A       71%         5


Dungeon Overview and Level Annotations

Branches:
Dungeon (1/15)

Altars:


Innate Abilities, Weirdness & Mutations

You have sharp claws.
You have razor-sharp teeth.
You have supernaturally acute eyesight. (SInv)
You cover ground quickly. (Speed+)
You are covered in fur. (AC +1)
Your paws help you pounce on unaware monsters.
You are incapable of wielding weapons or throwing items.
You cannot wear armour.
You gain extra lives every three experience levels.


Message History

An endoplasm comes into view.
A dart slug comes into view.
A dart slug comes into view.
The endoplasm freezes you.
You are frozen.
You pounce on the unaware helpless dart slug!
You scratch the dart slug.
The dart slug is heavily wounded.
The dart slug launches a dart at you. The slug dart hits you.
* * * LOW HITPOINT WARNING * * *
You are too injured to fight recklessly!
You are too injured to fight recklessly!
You are too injured to fight recklessly!
You are too injured to fight recklessly!
You are too injured to fight recklessly!
You are too injured to fight recklessly!
You are too injured to fight recklessly!
You are too injured to fight recklessly!
You are too injured to fight recklessly!
You are too injured to fight recklessly!
You are too injured to fight recklessly!
A bat comes into view.
Found a ring mail.
Found a plate armour.
The bat hits you.
* * * LOW HITPOINT WARNING * * *
You closely miss the bat. The bat completely misses you.
The bat barely misses you.
You closely miss the bat. The bat closely misses you. The bat misses you.
You scratch the bat.
The bat is heavily wounded.
The bat misses you.
You scratch the bat but do no damage.
The bat is heavily wounded.
The bat completely misses you. x2; The bat hits you but does no damage.
The bat hits you.
* * * LOW HITPOINT WARNING * * *
Found a robe.
The bat hits you.
You die...

.# . #.##..#w.#####)##.# ...#.
#.w....#.# #.##.#
.....###.##.###w# #.##.#####
....w.......#
#.#####........####
###.##.######
#.#........#.......
#...........#J#.##...†.......#
........#####.#.#.##.#####.#.###
######..#.....#.b.##. #.# #..#
#...@.##. #.# #... ##.#..##.##
#.# ##.. ...#......# #.#
..##.#.##..##..# #.#
#[...#..[##..# #.#
.#.##[....##..# #.# ## #)...
###...##..####.# .#### #.#
..#........†.# ....# #.#
#.##..######


You could see a dart slug, an endoplasm and a bat.

Vanquished Creatures
  A bat (D:1)
  An endoplasm (D:1)
  A frilled lizard (D:1)
  A kobold (D:1)
4 creatures vanquished.

Notes
Turn   | Place    | Note
-------+----------+-------------------------------------------
     0 | D:1      | Descartes the Felid Warper began the quest for the Orb.
     0 | D:1      | Reached XP level 1. HP: 9/9 MP: 4/4
   352 | D:1      | Slain by a bat

Illustrated notes

Levels and vault maps discovered:
D:1:      roderic_crop_circles_arrival_small, layout_loops_ring,
          hellmonk_ecumenical_altar_heavens_door, kennysheep_small_spiral,
          kennysheep_flooded_box, grunt_decor_one_mirror, minmay_pentomino_s4

Action                   || total
-------------------------++-------
Melee: Unarmed           ||    16
 Stab: Sleeping          ||     1
Armor: Skin              ||     4
Dodge: Dodged            ||    11
